 Dungeon Crawl Stone Soup version 0.19-a0-994-g3c636f0 (webtiles) character file.

30768 matakusis the Nimble (level 13, -45/106 HPs)
             Began as a Demonspawn Gladiator on July 15, 2016.
             Was a High Priest of Hepliaklqana.
             Killed from afar by a Hell Sentinel (57 damage)
             ... with damnation
             ... on level 3 of the Abyss on July 16, 2016.
             The game lasted 01:03:54 (13597 turns).

matakusis the Nimble (Demonspawn Gladiator)        Turns: 13597, Time: 01:03:55

Health: -45/106    AC:  9    Str: 23    XL:     13   Next: 22%
Magic:  0/23       EV: 23    Int:  9    God:    Hepliaklqana [*****.]
Gold:   562        SH: 11    Dex: 23    Spells: 0 memorised, 26 levels left

rFire  . . .     SeeInvis .     G - +3 scimitar (flame)
rCold  . . .     Gourm    .     b - +0 leather armour
rNeg   . . .     Faith    .     y - +3 warlock's mirror {reflect}
rPois  .         Spirit   +     (helmet restricted)
rElec  .         Dismiss  .     o - +1 cloak
rCorr  .         Reflect  +     t - +0 pair of gloves of Viorea {Str+7}
SustAt .         Harm     +     E - +1 pair of boots
MR     .....                    S - amulet of harm
Stlth  ++........               m - +5 ring of slaying
                                p - +4 ring of dexterity

@: very slightly contaminated, hasted, very quick, not resistant to hostile
enchantments, unstealthy
A: antennae 2, slimy green scales 2, deformed body, spiny 3, magic shield, magic
regeneration
a: Recall Ancestor, Ancestor Identity, Transference, Idealise, Renounce Religion


You were on level 3 of the Abyss.
You worshipped Hepliaklqana.
Hepliaklqana was extremely pleased with you.
You were near starving.

You visited 2 branches of the dungeon, and saw 14 of its levels.
You visited the Abyss 1 time.
You also visited: Sewer and Ossuary.

You collected 818 gold pieces.
You spent 256 gold pieces at shops.

Inventory:

Hand Weapons
 G - a +3 scimitar of flaming (weapon)
 R - the +9 falchion of Imily {freeze, rElec, unknown}
   (You found it on level 3 of the Abyss)

   It has been specially enchanted to freeze those struck by it, causing extra
   injury to most foes and up to half again as much damage against particularly
   susceptible opponents.
   It can also slow down cold-blooded creatures.
   It insulates you from electricity.
 V - the +4 trident "Cehow" {flame, *Rage MR++ Int+7, unknown}
   (You found it on level 3 of the Abyss)

   It has been specially enchanted to burn those struck by it, causing extra
   injury to most foes and up to half again as much damage against particularly
   susceptible opponents.
   It affects your intelligence (+7).
   It affects your resistance to hostile enchantments.
   It may make you go berserk in combat.
Missiles
 d - 4 throwing nets (quivered)
 I - 8 tomahawks of returning
Armour
 b - a +0 leather armour (worn)
 o - a +1 cloak (worn)
 t - the +0 pair of gloves of Viorea (worn) {Str+7}
   (You bought it in a shop on level 4 of the Dungeon)

   It affects your strength (+7).
 y - the +3 warlock's mirror (worn) {reflect}
   (You acquired it on level 10 of the Dungeon)
 E - a +1 pair of boots (worn)
Magical Staves
 J - an uncursed staff of poison
Jewellery
 g - an uncursed ring of see invisible
 k - an uncursed ring of resist corrosion
 m - a +5 ring of slaying (right hand)
 p - a +4 ring of dexterity (left hand)
 S - an amulet of harm (around neck)
 U - an uncursed ring of sustain attributes
Wands
 a - a wand of lightning (6/15)
 i - a wand of paralysis (15/24)
 s - a wand of heal wounds (8/9)
 L - a wand of acid (8/15)
 O - a wand of flame (16/48)
 Q - a wand of confusion (18/48)
Scrolls
 c - a scroll of magic mapping
 e - 3 scrolls of teleportation
 l - 4 scrolls of remove curse
 q - 3 scrolls of fog
 u - 3 scrolls of fear
 C - a scroll of amnesia
 T - a scroll of recharging
Potions
 h - 2 potions of agility
 n - 2 potions of brilliance
 r - a potion of magic
 v - 5 potions of heal wounds
 z - 12 potions of curing
 B - 2 potions of invisibility
 D - 2 potions of might
 F - 3 potions of flight
Books
 P - a book of Party Tricks

   Spells                             Type                      Level
   a - Summon Butterflies             Summoning                    1
   b - Apportation                    Translocation                1
   c - Tukima's Dance                 Hexes                        3
   d - Alistair's Intoxication        Transmutation/Poison         5
   e - Invisibility                   Hexes                        6
Miscellaneous
 H - a disc of storms
 M - a fan of gales
Comestibles
 f - 8 bread rations
 j - 4 beef jerkies
 x - 2 slices of pizza
 K - 6 royal jellies
 N - 26 fruits


   Skills:
 - Level 11.2 Fighting
 - Level 8.6 Long Blades
 - Level 1.7 Throwing
 - Level 11.9 Dodging
 * Level 10.2 Shields
 + Level 7.0 Spellcasting


You had 26 spell levels left.
You didn't know any spells.

Dungeon Overview and Level Annotations

Branches:
Dungeon (13/15)            Temple (1/1) D:6            Lair (0/6) D:9
    Orc (0/2) D:10
 Vaults: D:13-14

Altars:
Ashenzari
Cheibriados
Dithmenos
Elyvilon
Fedhas
Gozag
Hepliaklqana
Kikubaaqudgha
Makhleb
Nemelex Xobeh
Okawaru
Pakellas
Qazlal
Ru
Sif Muna
Trog
Uskayaw
Vehumet
Xom
Yredelemnul
Zin
The Shining One

Shops:
D:4 *   D:10 ?


Innate Abilities, Weirdness & Mutations

You have a pair of antennae on your head.
You are mostly covered in slimy green scales. (AC +3)
You are completely covered in sharp spines.
When hurt, damage is shared between your health and your magic reserves.
You regenerate magic rapidly.
[Armour fits poorly on your strangely shaped body.]


Message History

You hear a chilling moan.
A smoke demon comes into view.
The smoke demon roars!
The Hell Sentinel gestures at you.
The sphere of damnation explodes!
The damnation engulfs you!
* * * LOW HITPOINT WARNING * * *
A wretched star comes into view.
You feel much better.
The wretched star pulses with an eldritch light!
Your body twists and deforms.
The smoke demon gestures at you. The sticky flame misses you.
The Hell Sentinel gestures at you.
The sphere of damnation explodes!
The damnation engulfs you!
* * * LOW HITPOINT WARNING * * *
An insubstantial wisp comes into view.
The Hell Sentinel gestures at you.
The sphere of damnation explodes!
The damnation engulfs you!
Ouch! That really hurt!
You die...

#. #..# .... .v..##
.. ## .. # #.##.1#..
... #..#. ...
...v#..# .*.. ..#
.##.###.§.###...# #
..#...#.##..........#
.
...##...#.....#....#
.#.......#.....# .##
....#. ###.#.# .##.
##. ... ##@.#. #.##
.##.#.#..#..#.# #
#.#.. . ..###..3.#
...###..†...#....#
........#...#.#..#
#.#...#%.######.... #
..##. ..# ...#. #
#..# . ## ...#..
..#### ..


You could see a Hell Sentinel, a wretched star and a smoke demon.

Vanquished Creatures
  Harold (D:11)
  3 hydras
  A catoblepas (D:13)
  Erica (D:9)
  A thrashing horror (Abyss:3)
  A tengu warrior (D:13)
  Nergalle (D:11)
  2 unseen horrors
  A deep troll (D:9)
  A flayed ghost (D:9)
  3 hill giants
  Pikel (D:5)
  A deep elf mage (D:13)
  2 ugly things
  2 cyclopes
  An apocalypse crab (Abyss:3)
  A gargoyle (D:12)
  Psyche (D:8)
  A tengu conjurer (D:9)
  A demonic crawler (Abyss:3)
  The ghost of Shenda the Sneak, an amateur NaIE (Ossuary)
  A queen bee (D:12)
  A troll (D:9)
  A polar bear (D:9)
  3 meliai (D:12)
  12 slime creatures
  Grinder (D:4)
  A two-headed ogre (D:12)
  2 wraiths
  8 yaks
  3 wyverns
  A basilisk (D:9)
  Eustachio (D:4)
  4 hippogriffs
  A hungry ghost (D:9)
  A mottled dragon (D:12)
  A water moccasin (D:6)
  Purgy (D:4)
  3 orc warriors
  2 black bears
  A phantom (D:9)
  2 wasps (D:11)
  An eye of draining (D:11)
  2 sky beasts
  An ice beast (D:9)
  An ogre (D:11)
  A wolf (D:9)
  6 centaurs
  Blork the orc (D:6)
  4 big kobolds
  9 giant frogs
  2 water moccasin zombies (Ossuary)
  A gnoll sergeant (D:7)
  A wyvern skeleton (D:12)
  4 scorpions
  15 killer bees
  16 wights
  A howler monkey (D:6)
  2 electric eels (D:9)
  3 jellies
  4 crimson imps
  A centaur zombie (D:11)
  5 hounds
  A giant frog zombie (D:6)
  A gnoll shaman (D:6)
  5 orc priests
  Crazy Yiuf (D:3)
  A giant frog skeleton (D:13)
  5 iguanas
  Terence (D:3)
  9 orc wizards
  6 worker ants
  4 sheep (D:13)
  2 mummies (Ossuary)
  A killer bee simulacrum (D:9)
  2 worker ant zombies
  8 gnolls
  19 adders
  9 river rats
  A hound simulacrum (D:9)
  3 shadow imps
  A white imp (D:9)
  2 worker ant simulacra (D:9)
  2 ufetubi (D:9)
  2 oozes
  4 adder zombies (Ossuary)
  An adder skeleton (D:9)
  3 worms
  3 dart slugs (D:1)
  An adder simulacrum (D:9)
  5 giant geckos
  65 orcs
  14 ball pythons
  5 giant cockroaches
  5 goblins
  9 hobgoblins
  21 jackals
  5 quokkas
  7 bats
  9 giant newts
  2 gnoll zombies (Ossuary)
  4 hobgoblin zombies (Ossuary)
  17 kobolds
  9 kobold zombies (Ossuary)
  3 orc zombies (Ossuary)
  29 rats
  A fungus (D:9)
  A plant (D:9)
469 creatures vanquished.

Vanquished Creatures (collateral kills)
  A deep elf knight (D:11)
  A hill giant (D:10)
  A two-headed ogre (D:10)
  A slime creature (D:12)
  2 yaks (D:11)
  2 hippogriffs
  A hungry ghost (D:7)
  2 orc warriors
  A giant frog (D:11)
  2 killer bees (D:12)
  2 wights
  2 orc wizards
  A giant frog simulacrum (D:9)
  A big kobold zombie (Ossuary)
  3 gnolls
  An orc (D:12)
  A jackal (D:8)
  2 rats (D:9)
  A fungus (D:9)
28 creatures vanquished.

Vanquished Creatures (others)
  A centaur (D:12)
  A crimson imp (D:5)
  A giant frog skeleton (D:5)
  3 hexers
  A quokka skeleton (D:5)
  A quokka zombie (D:5)
  17 fungi (D:9)
  4 plants (D:9)
29 creatures vanquished.

Grand Total: 526 creatures vanquished

Notes
Turn   | Place    | Note
-------+----------+-------------------------------------------
     0 | D:1      | matakusis the Demonspawn Gladiator began the quest for the Orb.
     0 | D:1      | Reached XP level 1. HP: 16/16 MP: 1/1
    34 | D:1      | Gained mutation: When hurt, damage is shared between your health and your magic reserves. [demonic ancestry]
    34 | D:1      | Reached XP level 2. HP: 16/22 MP: 2/2
   472 | D:1      | Reached XP level 3. HP: 21/27 MP: 3/3
   640 | D:1      | Found an opulent altar of Gozag.
   928 | D:2      | Found a bloodstained altar of Trog.
  1494 | D:3      | Reached XP level 4. HP: 34/34 MP: 5/5
  1506 | D:3      | Reached skill level 1 in Spellcasting
  1788 | D:3      | Noticed Terence
  1806 | D:3      | Killed Terence
  1806 | D:3      | Gained mutation: You are partially covered in sharp spines. [demonic ancestry]
  1806 | D:3      | Reached XP level 5. HP: 27/41 MP: 3/6
  2135 | D:3      | Found a shadowy altar of Dithmenos.
  2156 | D:3      | Found a sparkling altar of Nemelex Xobeh.
  2199 | D:3      | Found a runed door.
  2203 | D:3      | Noticed Crazy Yiuf
  2212 | D:3      | Killed Crazy Yiuf
  2571 | D:4      | Found Iskeemam's Assorted Antiques.
  2707 | D:4      | Noticed Eustachio
  2709 | D:4      | Noticed Grinder
  2717 | D:4      | Found an oddly glowing altar of Pakellas.
  2756 | D:4      | Killed Grinder
  2756 | D:4      | Gained mutation: You are partially covered in slimy green scales. (AC +2) [demonic ancestry]
  2756 | D:4      | Reached XP level 6. HP: 11/48 MP: 3/8
  2760 | D:4      | Killed Eustachio
  2760 | D:4      | Reached skill level 5 in Dodging
  2760 | D:4      | Gained mutation: You have a pair of small antennae on your head. [demonic ancestry]
  2760 | D:4      | Reached XP level 7. HP: 13/55 MP: 3/10
  3190 | D:4      | Noticed Purgy
  3197 | D:4      | Killed Purgy
  3415 | D:4      | Found a deep blue altar of Sif Muna.
  3416 | D:4      | Found a glowing golden altar of the Shining One.
  3417 | D:4      | Found a shattered altar of Ashenzari.
  3417 | D:4      | Found a shadowy altar of Dithmenos.
  3417 | D:4      | Found a burning altar of Makhleb.
  3420 | D:4      | Found a sacrificial altar of Ru.
  3422 | D:4      | Found a glowing silver altar of Zin.
  3485 | D:5      | Entered Level 5 of the Dungeon
  3525 | D:5      | Noticed Pikel
  3599 | D:5      | Killed Pikel
  3599 | D:5      | Reached skill level 5 in Fighting
  3599 | D:5      | Gained mutation: You are mostly covered in slimy green scales. (AC +3) [demonic ancestry]
  3599 | D:5      | Reached XP level 8. HP: 25/62 MP: 5/12
  4150 | D:4      | Bought a pair of bloodstained gloves for 256 gold pieces
  4160 | D:4      | Identified the cursed +0 pair of gloves of Viorea {Str+7} (You bought it in a shop on level 4 of the Dungeon)
  4566 | D:5      | Reached skill level 5 in Spellcasting
  4566 | D:5      | Reached XP level 9. HP: 76/76 MP: 12/16
  4663 | D:6      | Noticed Blork the orc
  4669 | D:6      | Killed Blork the orc
  4735 | D:6      | Found a staircase to the Ecumenical Temple.
  5088 | D:6      | Found a glowing drain.
  5105 | Sewer    | Entered a sewer
  5542 | Temple   | Entered the Ecumenical Temple
  5547 | Temple   | Became a worshipper of Hepliaklqana
  5938 | D:7      | Gained mutation: You are mostly covered in sharp spines. [demonic ancestry]
  5938 | D:7      | Reached XP level 10. HP: 70/83 MP: 15/18
  6188 | D:7      | Reached * piety under Hepliaklqana
  6209 | D:7      | Reached skill level 10 in Dodging
  6571 | D:8      | Found a hide-covered altar of Uskayaw.
  6657 | D:8      | Found a sand-covered staircase.
  6662 | Ossuary  | Entered an ossuary
  6715 | Ossuary  | Noticed Shenda's ghost (amateur NaIE)
  6728 | Ossuary  | Killed Shenda's ghost
  6951 | D:8      | Noticed Psyche
  6954 | D:8      | Killed Psyche
  7636 | D:9      | Noticed Erica
  7644 | D:9      | Killed Erica
  7769 | D:9      | Reached ** piety under Hepliaklqana
  7770 | D:9      | Remembered your ancestor Yamquzzuhalamma as a hexer
  7970 | D:9      | Found a staircase to the Lair.
  8014 | D:9      | Noticed a six-headed hydra
  8363 | D:9      | Gained mutation: You regenerate magic rapidly. [demonic ancestry]
  8363 | D:9      | Reached XP level 11. HP: 90/90 MP: 20/20
  8414 | D:9      | Reached skill level 10 in Fighting
  8541 | D:9      | Noticed a five-headed hydra
  8577 | D:9      | Killed a one-headed hydra
  8788 | D:9      | Killed an unseen horror
  8854 | D:9      | Noticed a deep elf knight
  8854 | D:9      | Noticed a flayed ghost
  8855 | D:9      | Noticed a deep troll
  9183 | D:9      | Killed a deep troll
  9220 | D:9      | Killed a flayed ghost
  9488 | D:9      | Killed a four-headed hydra
  9536 | D:10     | Entered Level 10 of the Dungeon
  9663 | D:10     | Noticed a hill giant
  9668 | D:10     | Killed a hill giant
  9838 | D:10     | Identified a scroll of acquirement
  9902 | D:10     | Reached *** piety under Hepliaklqana
 10167 | D:10     | Found a staircase to the Orcish Mines.
 10233 | D:10     | Found Feenup's Magic Scroll Shoppe.
 10414 | D:11     | Killed an unseen horror
 10414 | D:11     | Reached skill level 1 in Shields
 10414 | D:11     | Gained mutation: You have a pair of antennae on your head. [demonic ancestry]
 10414 | D:11     | Reached XP level 12. HP: 86/100 MP: 20/22
 10645 | D:11     | Noticed Nergalle
 10655 | D:11     | Killed Nergalle
 10763 | D:11     | Noticed Harold
 10779 | D:11     | Killed Harold
 11277 | D:12     | Reached skill level 5 in Shields
 11368 | D:12     | Reached **** piety under Hepliaklqana
 11749 | D:11     | Noticed a four-headed hydra
 11755 | D:11     | Killed a one-headed hydra
 11972 | D:12     | Gained mutation: You can translocate small distances at will. [mutagenic meat]
 11975 | D:12     | Gained mutation: Scrolls take you a little longer to read. [mutagenic meat]
 11978 | D:12     | Gained mutation: Your magical capacity is low. (-10% MP) [mutagenic meat]
 11981 | D:12     | Gained mutation: Your magical capacity is very low. (-20% MP) [mutagenic meat]
 11984 | D:12     | Gained mutation: You expend magic power (3 MP) to strengthen your wands. [mutagenic meat]
 11984 | D:12     | Lost mutation: Scrolls take you a little longer to read. [potion of cure mutation]
 11984 | D:12     | Lost mutation: You expend magic power (3 MP) to strengthen your wands. [potion of cure mutation]
 11984 | D:12     | Lost mutation: You can translocate small distances at will. [potion of cure mutation]
 11984 | D:12     | Lost mutation: Your magical capacity is very low. (-20% MP) [potion of cure mutation]
 11984 | D:12     | Lost mutation: Your magical capacity is low. (-10% MP) [potion of cure mutation]
 12896 | D:13     | Gained mutation: You are completely covered in sharp spines. [demonic ancestry]
 12896 | D:13     | Reached XP level 13. HP: 106/106 MP: 23/23
 13231 | D:13     | Cast into level 3 of the Abyss (a wizard)
 13238 | Abyss:3  | Found a corrupted altar of Lugonu.
 13256 | Abyss:3  | Reached ***** piety under Hepliaklqana
 13262 | Abyss:3  | Got an iridescent trident
 13284 | Abyss:3  | Noticed a starcursed mass
 13287 | Abyss:3  | Noticed a starcursed mass
 13312 | Abyss:3  | Found a corrupted altar of Lugonu.
 13325 | Abyss:3  | Noticed a mottled draconian
 13401 | Abyss:3  | Got a brightly glowing falchion
 13475 | Abyss:3  | Reached skill level 10 in Shields
 13485 | Abyss:3  | Noticed a starcursed mass
 13494 | Abyss:3  | Paralysed by accursed screaming for 1 turns
 13551 | Abyss:3  | Noticed a starcursed mass
 13588 | Abyss:3  | Noticed a Hell Sentinel
 13597 | Abyss:3  | Killed from afar by a Hell Sentinel

Vault maps used:
D:1:      sevenhm_arrival_forest_fort_small_6
D:2:      old_standard_altar
D:3:      lemuel_doored_altar, grunt_dithmenos_smoke, uniq_terence,
          uniq_crazy_yiuf_cottage
D:4:      minitemple, serial_shops, shop, first_bread, uniq_eustachio,
          uniq_grinder, uniq_purgy
D:5:      kennysheep_boxes, uniq_pikel
D:6:      gup_sewer_entry_glass, uniq_blork_the_orc
D:8:      nicolae_overflow_hidden_temple, nicolae_ossuary_entry_false_entrances,
          uniq_psyche
D:9:      minmay_sliced_demisemicircle, due_lair_maze_entry_diamond, serial_ice,
          serial_ice_g, serial_ice_h, serial_ice_n, serial_ice_m, serial_ice_i,
          serial_ice_d, uniq_erica
D:10:     orc_0_dummy, serial_shops, kennysheep_mini, blue_anna_alchemist
D:11:     uniq_harold, uniq_nergalle
D:12:     special_room
Temple:   minmay_freezing_vapour_temple
Abyss:3:  abyss_exit_lava
Sewer:    sewer_minmay_w
Ossuary:  ossuary_tomb_2

Skill      XL: |  1  2  3  4  5  6  7  8  9 10 11 12 13 |
---------------+----------------------------------------+-----
Dodging        | 3 4 5 6 9 10 11 | 11.9
Long Blades    | 3 4 6 7 8 |  8.6
Spellcasting   | 1 2 5 6 7 |  7.0
Fighting       | 3 4 5 9 11 | 11.2
Shields        | 1 9 10 | 10.2
Throwing       | |  1.7

Action                   |  1- 3 |  4- 6 |  7- 9 | 10-12 | 13-15 || total
-------------------------+-------+-------+-------+-------+-------++-------
Melee: Long sword        |   135 |   108 |   263 |   109 |       ||   615
       Scimitar          |       |       |       |   498 |    61 ||   559
Throw: Throwing net      |       |     1 |       |     1 |       ||     2
Invok: Recall Ancestor   |       |       |       |     2 |       ||     2
       Ancestor Life: He |       |       |       |     1 |       ||     1
  Use: Scroll            |     4 |     3 |     8 |     7 |     5 ||    27
       Potion            |     1 |       |     9 |     3 |     5 ||    18
 Stab: Sleeping          |       |       |       |     5 |     2 ||     7
       Distracted        |       |       |       |     4 |       ||     4
       Confused          |       |       |       |     1 |       ||     1
  Eat: Chunk             |     2 |     4 |     6 |    28 |     1 ||    41
       Meat ration       |       |       |     1 |       |       ||     1
       Beef jerky        |       |       |     1 |       |       ||     1
Armor: Leather armour    |    26 |    14 |    65 |    77 |     5 ||   187
Dodge: Dodged            |    73 |    64 |   190 |   404 |    40 ||   771
Block: Buckler           |       |       |       |   101 |    37 ||   138
       Reflection        |       |       |       |     9 |     4 ||    13
